PUB
ST. LOUIS TERRIERS @ STOCKTON 209
06/08/1972
 
TOP OF THE 1ST
St. Louis Terriers batting - Pitching for Stockton 209 : RHP Millard Olson
Pitching: RHP Millard Olson
Batting: RHB Tommy Davis 0-0: Ball
1-0: Bunt - Flyout to 15! F1
Batting: LHB Santiago Sosa 0-0: Foul Ball, location: 5F
0-1: Ball
1-1: Swinging Strike
1-2: Ball
2-2: Strikes out looking
Batting: RHB Millard Pérez 0-0: Called Strike
0-1: DOUBLE (Flyball, 9LD, EV 113.1 MPH)
Batting: LHB Màximo Carregueiro 0-0: Ball
1-0: Ground out 5-3 (Groundball, 56, EV 106.3 MPH)
Top of the 1st over - 0 runs, 1 hit, 0 errors, 1 left on base; St. Louis 0 - Stockton 0
BOTTOM OF THE 1ST
Stockton 209 batting - Pitching for St. Louis Terriers : RHP Emílio Peterson
Pitching: RHP Emílio Peterson
Batting: SHB Reggie Smith 0-0: Ball
1-0: Ball
2-0: Called Strike
2-1: Foul Ball, location: 2F
2-2: SOLO HOME RUN (Flyball, 78XD, EV 106.3 MPH), Distance : 394 ft
Batting: SHB Peter Holt 0-0: Foul Ball, location: 2LF
0-1: Ball
1-1: Ball
2-1: Ball
3-1: Base on Balls
Batting: RHB Paco Ortega 0-0: Called Strike
0-1: Ball
1-1: Grounds into double play, 6-4-3 (Groundball, 6, EV 88.1 MPH)
Batting: RHB Roberto Hernández 0-0: Called Strike
0-1: Foul Ball, location: 3FF
0-2: Ball
1-2: Foul Ball, location: 2F
1-2: Foul Ball, location: 2F
1-2: Ball
2-2: Strikes out swinging
Bottom of the 1st over - 1 run, 1 hit, 0 errors, 0 left on base; St. Louis 0 - Stockton 1
TOP OF THE 2ND
St. Louis Terriers batting - Pitching for Stockton 209 : RHP Millard Olson
Batting: RHB Brandon Carr 0-0: Called Strike
0-1: Ground out 6-3 (Groundball, 6D, EV 79.4 MPH)
Batting: LHB Armando Robles 0-0: Ball
1-0: Ball
2-0: Ball
3-0: Called Strike
3-1: Swinging Strike
3-2: Strikes out swinging
Batting: SHB Edward Cobb 0-0: Swinging Strike
0-1: Called Strike
0-2: Foul Ball, location: 25FF
0-2: Hit by Pitch
Batting: LHB José Santos 0-0: Fly out, F8 (Line Drive, 78M, EV 91.3 MPH)
Top of the 2nd over - 0 runs, 0 hits, 0 errors, 1 left on base; St. Louis 0 - Stockton 1
BOTTOM OF THE 2ND
Stockton 209 batting - Pitching for St. Louis Terriers : RHP Emílio Peterson
Batting: LHB Bradley Hathaway 0-0: Ball
1-0: DOUBLE (Flyball, 78XD, EV 93.1 MPH)
Batting: SHB William Cameron 0-0: Foul Ball, location: 9LMF
0-1: Ball
1-1: Ball
2-1: Called Strike
2-2: Strikes out swinging
Batting: RHB Sal Bando 0-0: Ball
1-0: Ball
2-0: Foul Ball, location: 2F
2-1: Ball
3-1: Fly out, F7 (Flyball, 78M, EV 90.0 MPH)
Batting: RHB Roberto Sánchez 0-0: Ball
1-0: Ball
2-0: Ground out 5-3 (Groundball, 56S, EV 73.8 MPH)
Bottom of the 2nd over - 0 runs, 1 hit, 0 errors, 1 left on base; St. Louis 0 - Stockton 1
TOP OF THE 3RD
St. Louis Terriers batting - Pitching for Stockton 209 : RHP Millard Olson
Batting: RHB Emílio Peterson 0-0: Ground out 6-3 (Groundball, 6, EV 89.4 MPH)
Batting: RHB Tommy Davis 0-0: Foul Ball, location: 2F
0-1: Swinging Strike
0-2: Ball
1-2: Ball
2-2: Foul Ball, location: 2F
2-2: Foul Ball, location: 5DF
2-2: Foul Ball, location: 2F
2-2: Strikes out swinging
Batting: LHB Santiago Sosa 0-0: Foul Ball, location: 7LSF
0-1: Ball
1-1: Fly out, F7 (Flyball, 7D, EV 99.4 MPH)
Top of the 3rd over - 0 runs, 0 hits, 0 errors, 0 left on base; St. Louis 0 - Stockton 1
BOTTOM OF THE 3RD
Stockton 209 batting - Pitching for St. Louis Terriers : RHP Emílio Peterson
Batting: RHB Millard Olson 0-0: Ball
1-0: Called Strike
1-1: Swinging Strike
1-2: Fly out, F4 (Line Drive, 4, EV 64.4 MPH)
Batting: SHB Reggie Smith 0-0: Ball
1-0: Swinging Strike
1-1: SINGLE (Line Drive, 9LS, EV 101.9 MPH)
Batting: SHB Peter Holt 0-0: Called Strike
0-1: Foul Ball, location: 9LMF
0-2: Ball
1-2: Ball
2-2: Fly out, F9 (Flyball, 9S, EV 95.6 MPH)
Batting: RHB Paco Ortega 0-0: Called Strike
0-1: Called Strike
0-2: Foul Ball, location: 9LSF
0-2: Strikes out swinging
Bottom of the 3rd over - 0 runs, 1 hit, 0 errors, 1 left on base; St. Louis 0 - Stockton 1
TOP OF THE 4TH
St. Louis Terriers batting - Pitching for Stockton 209 : RHP Millard Olson
Batting: RHB Millard Pérez 0-0: Swinging Strike
0-1: Ball
1-1: Called Strike
1-2: Foul Ball, location: 23F
1-2: Fly out, F3 (Popup, 34S, EV 67.5 MPH)
Batting: LHB Màximo Carregueiro 0-0: Foul Ball, location: 7LMF
0-1: Ball
1-1: Foul Ball, location: 7LDF
1-2: Foul Ball, location: 2F
1-2: Ground out 5-3 (Groundball, 5, EV 80.6 MPH)
Batting: RHB Brandon Carr 0-0: Called Strike
0-1: Swinging Strike
0-2: Foul Ball, location: 3FF
0-2: Ball
1-2: Ball
2-2: Foul Ball, location: 2F
2-2: Ball
3-2: Strikes out swinging
Top of the 4th over - 0 runs, 0 hits, 0 errors, 0 left on base; St. Louis 0 - Stockton 1
BOTTOM OF THE 4TH
Stockton 209 batting - Pitching for St. Louis Terriers : RHP Emílio Peterson
Batting: RHB Roberto Hernández 0-0: Foul Ball, location: 2F
0-1: Ball
1-1: Ball
2-1: Foul Ball, location: 7LDF
2-2: Ball
3-2: Strikes out swinging
Batting: LHB Bradley Hathaway 0-0: Called Strike
0-1: Called Strike
0-2: Ball
1-2: Strikes out swinging
Batting: SHB William Cameron 0-0: Ball
1-0: Fly out, F8 (Flyball, 8LXD, EV 96.3 MPH)
Bottom of the 4th over - 0 runs, 0 hits, 0 errors, 0 left on base; St. Louis 0 - Stockton 1
TOP OF THE 5TH
St. Louis Terriers batting - Pitching for Stockton 209 : RHP Millard Olson
Batting: LHB Armando Robles 0-0: Ball
1-0: Ball
2-0: Called Strike
2-1: Foul Ball, location: 5SF
2-2: SINGLE (Line Drive, 34D, EV 98.1 MPH)
Batting: SHB Edward Cobb 0-0: Bunted foul
0-1: Sac Bunt to 2L - play at first, batter OUT! 2-3
Armando Robles to second
Batting: LHB José Santos 0-0: Ball
1-0: Ball
2-0: Called Strike
2-1: Called Strike
2-2: Strikes out swinging
Batting: RHB Emílio Peterson 0-0: Called Strike
0-1: Foul Ball, location: 5FF
0-2: Strikes out swinging
Top of the 5th over - 0 runs, 1 hit, 0 errors, 1 left on base; St. Louis 0 - Stockton 1
BOTTOM OF THE 5TH
Stockton 209 batting - Pitching for St. Louis Terriers : RHP Emílio Peterson
Batting: RHB Sal Bando 0-0: Ball
1-0: Ball
2-0: Called Strike
2-1: Foul Ball, location: 23FF
2-2: Ball
3-2: Base on Balls
Batting: RHB Roberto Sánchez 0-0: Ball
1-0: SINGLE (Groundball, 6MD, EV 100.0 MPH)
Sal Bando to second
Runner from 2nd tries for 3rd, SAFE, throw by CF made to third
Batting: RHB Millard Olson 0-0: Sac Bunt to 5S - play at first, batter OUT! 5-4
Roberto Sánchez to second
Batting: SHB Reggie Smith 0-0: DOUBLE (Flyball, 8LXD, EV 94.4 MPH)
Sal Bando scores
Roberto Sánchez scores
Batting: SHB Peter Holt 0-0: Called Strike
0-1: Ball
1-1: Ball
2-1: Ball
3-1: Base on Balls
Batting: RHB Paco Ortega 0-0: Ball
1-0: SINGLE (Groundball, P, EV 83.8 MPH) (infield hit)
Reggie Smith to third
Peter Holt to second
Batting: RHB Roberto Hernández 0-0: Ball
1-0: Called Strike
1-1: Foul Ball, location: 9LMFF
1-2: SINGLE (Line Drive, 7LS, EV 102.5 MPH)
Reggie Smith scores
Peter Holt to third
Paco Ortega to second
Runner from 3rd tries for Home, SAFE, throw by LF to home
Batting: LHB Bradley Hathaway 0-0: Ball
1-0: Foul Ball, location: 3FF
1-1: Swinging Strike
1-2: Ball
2-2: Ball
3-2: Foul Ball, location: 7LMFF
3-2: Strikes out looking
Batting: SHB William Cameron 0-0: SINGLE (Groundball, 34D, EV 102.5 MPH)
Paco Ortega to third
Roberto Hernández to second
Runner from 3rd tries for Home, SAFE, throw by RF to home
Roberto Hernández to third
William Cameron to second
Batting: RHB Sal Bando 0-0: Ball
1-0: Called Strike
1-1: Swinging Strike
1-2: Ball
2-2: Ball
3-2: Strikes out looking
Bottom of the 5th over - 5 runs, 5 hits, 0 errors, 2 left on base; St. Louis 0 - Stockton 6
TOP OF THE 6TH
St. Louis Terriers batting - Pitching for Stockton 209 : RHP Millard Olson
Batting: RHB Tommy Davis 0-0: Called Strike
0-1: Ball
1-1: Foul Ball, location: 3DF
1-2: Ball
2-2: Ball
3-2: Foul Ball, location: 3SF
3-2: Strikes out looking
Batting: LHB Santiago Sosa 0-0: Ball
1-0: Ball
2-0: Foul Ball, location: 7LSF
2-1: Ball
3-1: Foul Ball, location: 7LDF
3-2: Foul Ball, location: 7LSF
3-2: Foul Ball, location: 7LDF
3-2: Ground out 5-3 (Groundball, 56S, EV 85.6 MPH)
Batting: RHB Millard Pérez 0-0: Swinging Strike
0-1: Ball
1-1: Called Strike
1-2: Strikes out looking
Top of the 6th over - 0 runs, 0 hits, 0 errors, 0 left on base; St. Louis 0 - Stockton 6
BOTTOM OF THE 6TH
Stockton 209 batting - Pitching for St. Louis Terriers : RHP Emílio Peterson
Batting: RHB Roberto Sánchez 0-0: SINGLE (Line Drive, 34, EV 95.0 MPH)
Batting: RHB Millard Olson 0-0: Bunt missed!
0-1: Bunted foul
0-2: Bunted foul, Strikeout!
Batting: SHB Reggie Smith 0-0: Called Strike
0-1: Foul Ball, location: 5SF
0-2: Foul Ball, location: 2F
0-2: Foul Ball, location: 2F
0-2: Ball
1-2: Fielders Choice at 2nd, 5-4 (Groundball, 56, EV 85.0 MPH)
Batting: SHB Peter Holt 0-0: Ball
1-0: Ball
2-0: Swinging Strike
2-1: Foul Ball, location: 2RF
2-2: Strikes out looking
Bottom of the 6th over - 0 runs, 1 hit, 0 errors, 1 left on base; St. Louis 0 - Stockton 6
TOP OF THE 7TH
St. Louis Terriers batting - Pitching for Stockton 209 : RHP Millard Olson
Batting: LHB Màximo Carregueiro 0-0: Called Strike
0-1: Ball
1-1: Foul Ball, location: 2F
1-2: Ball
2-2: Foul Ball, location: 2F
2-2: Ball
3-2: Foul Ball, location: 2F
3-2: SINGLE (Line Drive, 9S, EV 95.6 MPH)
Batting: RHB Brandon Carr 0-0: Ball
1-0: Ball
2-0: Swinging Strike
2-1: Ball
3-1: Swinging Strike
3-2: SINGLE (Groundball, 6MD, EV 99.4 MPH)
Màximo Carregueiro to second
Batting: LHB Armando Robles 0-0: Ball
1-0: SINGLE (Line Drive, 89M, EV 105.0 MPH)
Màximo Carregueiro to third
Brandon Carr to second
Batting: SHB Edward Cobb 0-0: Ball
1-0: SINGLE (Groundball, 6M, EV 106.3 MPH) (infield hit)
Màximo Carregueiro scores
Brandon Carr to third
Armando Robles to second
Batting: LHB José Santos 0-0: Called Strike
0-1: Foul Ball, location: 7LSF
0-2: Foul Ball, location: 2F
0-2: Hit by Pitch
Brandon Carr scores
Armando Robles to third
Edward Cobb to second
Batting: RHB Emílio Peterson 0-0: Ball
1-0: SINGLE (Line Drive, 5D, EV 97.5 MPH)
Armando Robles scores
Edward Cobb to third
José Santos to second
Runner from 3rd tries for Home, SAFE, throw by LF to home
Batting: RHB Tommy Davis 0-0: Foul Ball, location: 3DF
0-1: Ball
1-1: Swinging Strike
1-2: Foul Ball, location: 9LDF
1-2: Ball
2-2: Ball
3-2: Base on Balls
José Santos to third
Emílio Peterson to second
Batting: LHB Santiago Sosa 0-0: Swinging Strike
0-1: Called Strike
0-2: Ball
1-2: Ball
2-2: Ball
3-2: DOUBLE (Flyball, 8RXD, EV 106.3 MPH)
José Santos scores
Emílio Peterson scores
Tommy Davis to third
Pitching: LHP James Lund
Batting: RHB Millard Pérez 0-0: Called Strike
0-1: Foul Ball, location: 2F
0-2: Fielders Choice at home, 6-2 (Groundball, 6, EV 103.1 MPH)
Santiago Sosa to third
Batting: LHB Màximo Carregueiro 0-0: Fly out, F8 (Flyball, 8RD, EV 90.6 MPH)
Runner from 3rd tags up, SCORES, throw by CF
Batting: RHB Brandon Carr 0-0: Foul Ball, location: 5FF
0-1: SINGLE (Line Drive, 6MD, EV 110.0 MPH)
Millard Pérez to second
Batting: LHB Armando Robles 0-0: Ball
1-0: Called Strike
1-1: Called Strike
1-2: Fly out, F8 (Flyball, 8LD, EV 105.0 MPH)
Top of the 7th over - 7 runs, 7 hits, 0 errors, 2 left on base; St. Louis 7 - Stockton 6
BOTTOM OF THE 7TH
Stockton 209 batting - Pitching for St. Louis Terriers : RHP Emílio Peterson
Batting: RHB Paco Ortega 0-0: Called Strike
0-1: Ball
1-1: Called Strike
1-2: Foul Ball, location: 9LDF
1-2: DOUBLE (Line Drive, 7LD, EV 110.6 MPH)
Pitching: RHP Chris Chappell
Now in RF: Albie Pearson
Batting: RHB Roberto Hernández 0-0: Ball
1-0: Swinging Strike
1-1: Ball
2-1: Ball
3-1: Foul Ball, location: 2F
3-2: Foul Ball, location: 2RF
3-2: Strikes out swinging
Batting: LHB Bradley Hathaway 0-0: Ball
1-0: Called Strike
1-1: Foul Ball, location: 5DF
1-2: Strikes out looking
Batting: SHB William Cameron 0-0: Ball
1-0: Ball
2-0: Ground out 4-3 (Groundball, 4MS, EV 78.8 MPH)
Bottom of the 7th over - 0 runs, 1 hit, 0 errors, 1 left on base; St. Louis 7 - Stockton 6
TOP OF THE 8TH
St. Louis Terriers batting - Pitching for Stockton 209 : LHP James Lund
Batting: SHB Edward Cobb 0-0: Ball
1-0: Ground out U3 (Groundball, 3S, EV 85.6 MPH)
Batting: LHB José Santos 0-0: Ball
1-0: Swinging Strike
1-1: Ball
2-1: Ball
3-1: Swinging Strike
3-2: Base on Balls
Batting: LHB Albie Pearson 0-0: Ball
1-0: Called Strike
José Santos is caught stealing 2nd base 2-6
1-1: Ball
2-1: Foul Ball, location: 2F
2-2: Strikes out swinging, 2-3 out at first.
Top of the 8th over - 0 runs, 0 hits, 0 errors, 0 left on base; St. Louis 7 - Stockton 6
BOTTOM OF THE 8TH
Stockton 209 batting - Pitching for St. Louis Terriers : RHP Chris Chappell
Batting: RHB Sal Bando 0-0: Called Strike
0-1: Foul Ball, location: 3F
0-2: Foul Ball, location: 9LSF
0-2: Ball
1-2: Ground out 6-3 (Groundball, 6, EV 88.8 MPH)
Batting: RHB Roberto Sánchez 0-0: Foul Ball, location: 9LMF
0-1: Ball
1-1: Called Strike
1-2: Strikes out swinging
Pinch Hitting: LHB Royce Martin 0-0: Ball
1-0: Ball
2-0: Called Strike
2-1: SINGLE (Line Drive, 3D, EV 96.3 MPH)
Batting: SHB Reggie Smith 0-0: Fly out, F8 (Line Drive, 8LM, EV 81.9 MPH)
Bottom of the 8th over - 0 runs, 1 hit, 0 errors, 1 left on base; St. Louis 7 - Stockton 6
TOP OF THE 9TH
St. Louis Terriers batting - Pitching for Stockton 209 : LHP James Lund
Pitching: LHP Jorge Martínez
Batting: RHB Tommy Davis 0-0: SINGLE (Groundball, 6MD, EV 96.9 MPH)
Batting: LHB Santiago Sosa 0-0: Ball
1-0: Called Strike
1-1: Called Strike
1-2: Ball
2-2: Foul Ball, location: 5F
2-2: Ball
3-2: Base on Balls
Tommy Davis to second
Batting: RHB Millard Pérez 0-0: Called Strike
0-1: Foul Ball, location: 2F
0-2: Foul Ball, location: 9LSF
0-2: SINGLE (Groundball, 34D, EV 106.3 MPH)
Tommy Davis to third
Santiago Sosa to second
Batting: LHB Màximo Carregueiro 0-0: Ball
1-0: Called Strike
1-1: Swinging Strike
1-2: Ball
2-2: Strikes out swinging
Batting: RHB Brandon Carr 0-0: Foul Ball, location: 2RF
0-1: Called Strike
0-2: Foul Ball, location: 3DF
0-2: Ball
1-2: Foul Ball, location: 3FF
1-2: Strikes out swinging
Pinch Hitting: RHB Emílio Durán 0-0: Called Strike
0-1: Ball
1-1: Swinging Strike
1-2: Strikes out looking
Top of the 9th over - 0 runs, 2 hits, 0 errors, 3 left on base; St. Louis 7 - Stockton 6
BOTTOM OF THE 9TH
Stockton 209 batting - Pitching for St. Louis Terriers : RHP Chris Chappell
Pitching: RHP Terry Brown
Batting: SHB Peter Holt 0-0: Swinging Strike
0-1: Fly out, F7 (Flyball, 7S, EV 99.4 MPH)
Batting: RHB Paco Ortega 0-0: Called Strike
0-1: Ball
1-1: Ball
2-1: Ball
3-1: Ground out 6-3 (Groundball, 6, EV 88.1 MPH)
Batting: RHB Roberto Hernández 0-0: Fly out, F8 (Flyball, 8RXD, EV 91.3 MPH)
Bottom of the 9th over - 0 runs, 0 hits, 0 errors, 0 left on base; St. Louis 7 - Stockton 6
Monday, March 25th , 2024 - OOTP Baseball 24.8 Build 75